 Dungeon Crawl Stone Soup version 0.31-a0-237-g2d982f9f85 (webtiles) character file.

Game seed: 11150708275331152289

94 qw the Shooter (level 4, -5/36 HPs)
             Began as a Minotaur Hexslinger on July 10, 2023.
             Slain by an orc
             ... wielding a +0 hand axe
              (6 damage)
             ... on level 2 of the Dungeon.
             The game lasted 00:00:35 (1479 turns).

qw the Shooter (Minotaur Hexslinger)                Turns: 1479, Time: 00:00:36

Health: -5/36      AC:  5    Str: 13    XL:     4   Next: 38%
Magic:  4/4        EV: 11    Int: 10    God:
Gold:   102        SH:  0    Dex: 14    Spells: 4/5 levels left

rFire   . . .        Y - +1 sling
rCold   . . .        (no shield)
rNeg    . . .        f - +0 ring mail
rPois   .            (helmet restricted)
rElec   .            (no cloak)
rCorr   .            (no gloves)
SInv    .            (no boots)
Will    .....        (no amulet)
Stlth   +            (no ring)
HPRegen 0.26/turn    (no ring)
MPRegen 0.09/turn

%: no passive effects
@: slowed, very slow
A: horns 2, retaliatory headbutt
a: no special abilities


You were on level 2 of the Dungeon.
You visited 1 branch of the dungeon, and saw 3 of its levels.

You collected 102 gold pieces.


Innate Abilities, Weirdness & Mutations

You have a pair of horns on your head.
You reflexively headbutt those who attack you in melee.


   Skills:
 - Level 2.0 Fighting
 + Level 4.8 Ranged Weapons
 - Level 1.0 Armour
 - Level 2.1 Dodging
 - Level 1.0 Spellcasting
 - Level 2.0 Hexes


You had 4 spell levels left.
You knew the following spells:

 Your Spells              Type           Power      Damage    Failure   Level
a - Slow                  Hex            16%        N/A       32%         1

Your spell library contained the following spells:

 Spells                   Type           Power      Damage    Failure   Level
 Inner Flame              Hex/Fire       2%         N/A       82%         3
 Portal Projectile        Hex/Tloc       4%         N/A       82%         3
 Cause Fear               Hex            2%         N/A       97%         4

Inventory:

Hand Weapons
 Y - a +1 sling (weapon)
Armour
 c - the +0 leather armour of Minor Irritation {Drain rElec rF- Str+5}
   (You found it on level 2 of the Dungeon)

   Str:       It affects your strength (+5).
   rF:        It makes you vulnerable to fire.
   rElec:     It insulates you from electricity.
   Drain:     It drains your maximum health when unequipped.
 f - a +0 ring mail (worn)
Potions
 a - a potion of might {unknown}
 b - a potion of enlightenment {unknown}
 d - a potion of mutation {unknown}

Dungeon Overview and Level Annotations

Branches:
Dungeon (3/15)

Altars:
Trog


Message History

The dart slug bites you but does no damage.
Natasha claws you but does no damage.
You shoot a sling bullet. The sling bullet hits the dart slug.
The dart slug is severely wounded.
The cerulean imp closely misses you. The orc misses you.
The kobold hits you but does no damage. Natasha barely misses you.
You shoot a sling bullet. The sling bullet hits the dart slug!
You kill the dart slug!
The cerulean imp hits you from afar with a +2 spear.
The orc hits you with a +0 hand axe. The kobold hits you with a +0 club.
Natasha barely misses you.
You have reached level 4!
You feel stronger.
You shoot a sling bullet. The sling bullet hits the kobold.
You kill the kobold!
The cerulean imp misses you. The orc hits you with a +0 hand axe.
Natasha howls an incantation.
Natasha shimmers violently.
Natasha closely misses you. The cerulean imp closely misses you.
The orc hits you with a +0 hand axe.
You shoot a sling bullet. The sling bullet hits Natasha!
Natasha is heavily wounded.
Natasha barely misses you. You furiously retaliate!
You headbutt Natasha!
The cerulean imp hits you from afar with a +2 spear.
The orc completely misses you. Natasha casts a spell at you.
You feel yourself slow down.
You shoot a sling bullet. The sling bullet hits Natasha!
You kill Natasha!
Natasha screams in pain as she dies!
The cerulean imp disappears in a puff of smoke!
The orc hits you but does no damage. The orc hits you with a +0 hand axe.
You shoot a sling bullet.
The sling bullet hits the orc but does no damage.
The orc hits you with a +0 hand axe. The orc barely misses you.
You shoot a sling bullet. The sling bullet barely misses the orc.
The orc hits you with a +0 hand axe. The orc closely misses you.
You shoot a sling bullet.
The sling bullet hits the orc but does no damage.
The orc hits you with a +0 hand axe.
You die...

#.##...............#
#.##.#####......#..# #.##.#
#......#..# #....#
#......#..##### ######
##......#..#....
##.......'..'....
#........#.##....
##############%#......#.###...
#...........o@%#......#.# #...
##.#####...##)###'#.....# #...
#.# #...##...#.#.....# ####
#.# #...####.#.#.....#
##.#####...####.........#####
#...............#.##..#.....##
###############.#.###.#####.##
#....# ##'#'###.# #<#.##
##.#.# #......#.###.#'##


You could see an orc.

Vanquished Creatures
  Natasha (D:2)
  An adder (D:1)
  2 dart slugs
  3 ball pythons
  10 endoplasms
  4 giant cockroaches
  2 goblins
  7 hobgoblins
  2 jackals (D:1)
  A quokka (D:1)
  5 bats
  2 frilled lizards (D:1)
  7 kobolds
  4 rats
51 creatures vanquished.

Notes
Turn   | Place    | Note
-------+----------+-------------------------------------------
     0 | D:1      | qw the Minotaur Hexslinger began the quest for the Orb.
     0 | D:1      | Reached XP level 1. HP: 16/16 MP: 1/1
     0 | D:1      | 0 ||| qw: Version: 0.3-a-52-g30416fa
     0 | D:1      | 0 ||| qw: Game counter: 5117
     0 | D:1      | 0 ||| qw: Melee chars always use a shield: true
     0 | D:1      | 0 ||| qw: God list: Okawaru
     0 | D:1      | 0 ||| qw: Allow faded altars: false
     0 | D:1      | 0 ||| qw: Do Orc after clearing Dungeon:15 true
     0 | D:1      | 0 ||| qw: Do second Lair branch before Depths: true
     0 | D:1      | 0 ||| qw: Lair rune preference: random
     0 | D:1      | 0 ||| qw: Goals: Normal
     0 | D:1      | 0 ||| PLANNING D:1-11
    59 | D:1      | Reached skill level 3 in Ranged Weapons
    67 | D:1      | Reached XP level 2. HP: 17/23 MP: 2/2
    73 | D:1      | 73 ||| FLEEEEING.
    74 | D:1      | 74 ||| FLEEEEING.
    75 | D:1      | 75 ||| FLEEEEING.
    76 | D:1      | 76 ||| FLEEEEING.
    77 | D:1      | 77 ||| FLEEEEING.
    78 | D:1      | 78 ||| FLEEEEING.
    79 | D:1      | 79 ||| FLEEEEING.
    80 | D:1      | 80 ||| FLEEEEING.
    82 | D:1      | 82 ||| FLEEEEING.
    83 | D:1      | 83 ||| FLEEEEING.
   193 | D:1      | You fall into a shaft and drop 1 floor!
   380 | D:2      | 380 ||| UPGRADING to +0 ring mail.
   390 | D:2      | 390 ||| DROPPING +0 robe.
   391 | D:2      | 391 ||| READING scroll labelled PATOFAOQEL.
   392 | D:2      | 392 ||| DROPPING scroll of poison.
   511 | D:1      | Reached XP level 3. HP: 29/29 MP: 3/3
   781 | D:1      | 781 ||| READING scroll labelled FEINNO SAOS.
   803 | D:2      | 803 ||| STAIRDANCE
   810 | D:1      | Reached skill level 4 in Ranged Weapons
   969 | D:2      | Found a bloodstained altar of Trog.
   995 | D:2      | Identified the +0 leather armour of Minor Irritation {Drain
                  | rElec rF- Str+5}
  1042 | D:2      | Reached skill level 1 in Armour
  1463 | D:3      | Noticed Natasha
  1468 | D:3      | 1468 ||| STAIRDANCE
  1474 | D:2      | Reached XP level 4. HP: 16/36 MP: 4/4
  1475 | D:2      | HP: 9/36 [cerulean imp/+2 spear[Natasha] (3)]
  1476 | D:2      | Killed Natasha
  1477 | D:2      | HP: 4/36 [orc/+0 hand axe (3)]
  1478 | D:2      | HP: 1/36 [orc/+0 hand axe (4)]
  1479 | D:2      | Slain by an orc

Levels and vault maps discovered:
D:1:      dpeg_arrival_arbitrary_c, layout_basic
D:2:      minmay_angry_zag, layout_basic, basic_altar
D:3:      layout_rooms, minmay_box_of_dots, uniq_natasha

Skill      XL: |  1  2  3 |
---------------+----------+-----
Ranged Weapons | 3 4 |  4.8
Fighting       | 2 |  2.0
Armour         | 1 |  1.0
Dodging        | |  2.1
Spellcasting   | |  1.0
Hexes          | |  2.0

Action                     |  1- 3 |  4- 6 || total
---------------------------+-------+-------++-------
   Fire: Sling             |   132 |     6 ||   138
    Use: Scroll            |     2 |       ||     2
 Armour: Robe              |     2 |       ||     2
         Ring mail         |    20 |     1 ||    21
  Dodge: Dodged            |    55 |     7 ||    62

Table legend:
 A = Non-vault XP
 B = Vault XP
 C = Vault XP percentage of total XP
 D = Non-vault monster count
 E = Vault monster count
 F = Vault count percentage of total count
                 A         B        C        D         E       F
            +---------+---------+-------+---------+---------+-------
      Total |      93 |      42 |  31.1 |      45 |       6 |  11.8
            +---------+---------+-------+---------+---------+-------
        D:1 |      62 |       0 |   0.0 |      29 |       0 |   0.0
        D:2 |      29 |      42 |  59.2 |      15 |       6 |  28.6
        D:3 |       2 |       0 |   0.0 |       1 |       0 |   0.0
            +---------+---------+-------+---------+---------+-------
